 Dungeon Crawl Stone Soup version 0.23.1 (webtiles) character file.

Game seed: 3237026115319590740

5970 Borgoz the Ducker (level 10, 0/86 HPs)
             Began as a Ghoul Monk on Mar 13, 2019.
             Was a Believer of Ashenzari.
             Slain by a yak (13 damage)
             ... on level 10 of the Dungeon.
             The game lasted 00:22:56 (12155 turns).

Borgoz the Ducker (Ghoul Monk)                     Turns: 12155, Time: 00:22:57

Health: 0/86       AC: 11    Str: 16    XL:     10   Next: 84%
Magic:  9/9        EV: 15    Int:  8    God:    Ashenzari [**....]
Gold:   636        SH:  0    Dex: 11    Spells: 9/9 levels left

rFire    + . .     SeeInvis .   a - +2 short sword (venom)
rCold    + . .     Gourm    .   (no shield)
rNeg     + + +     Faith    .   x - +1 leather armour {rF+}
rPois    ∞         Spirit   .   k - +1 helmet
rElec    .         Reflect  .   D - +2 cloak {MR+} (curse)
rCorr    .         Harm     .   (no gloves)
MR       ++...                  w - +0 pair of boots (curse)
Stlth    ++++......             (no amulet)
HPRegen  0.00/turn              r - ring of stealth
MPRegen  0.11/turn              A - ring of protection from magic

@: rotting
A: rotting body, claws 1, carnivore, cold resistance 1, negative energy
resistance 3, inhibited regeneration, torment resistance, unbreathing
a: Curse Item, Scrying, Renounce Religion


You were on level 10 of the Dungeon.
You worshipped Ashenzari.
Ashenzari was pleased with you.
You were not hungry.

You visited 2 branches of the dungeon, and saw 11 of its levels.
You also visited: Sewer.

You collected 636 gold pieces.

Inventory:

Hand Weapons
 a - a +2 short sword of venom (weapon)
 b - a +0 blowgun
 d - a +3 quarterstaff of chaos
 z - a +4 dagger
 E - a +2 dagger of venom
Missiles
 s - 25 poisoned needles
 u - 8 needles of sleeping
 C - 4 tomahawks (quivered)
 I - 5 needles of paralysis
Armour
 k - a +1 helmet (worn)
 w - a cursed +0 pair of boots (worn)
 x - a +1 leather armour of fire resistance (worn)
 D - a cursed +2 cloak of magic resistance (worn)
Jewellery
 r - a ring of stealth (left claw)
 v - an uncursed ring of wizardry
 A - a ring of protection from magic (right claw)
 H - an uncursed ring of magical power
Wands
 c - a wand of clouds (7)
 y - a wand of polymorph (15)
Scrolls
 e - a scroll of fear
 h - 2 scrolls of fog
 i - 5 scrolls of remove curse
 j - 3 scrolls of amnesia
 l - a scroll of enchant armour
 m - a scroll of identify
 o - 4 scrolls of teleportation
 p - a scroll of torment
 t - 4 scrolls of enchant weapon
 G - a scroll of blinking
Potions
 f - 2 potions of brilliance
 n - 2 potions of magic
 B - 5 potions of flight
 F - a potion of might
Comestibles
 q - 17 rations


   Skills:
 + Level 7.0 Fighting
 * Level 6.9 Short Blades
 * Level 7.3 Armour
 * Level 7.9 Dodging
 + Level 7.0 Stealth
 - Level 3.7 Unarmed Combat


You had 9 spell levels left.
You didn't know any spells.
Your spell library was empty.

Dungeon Overview and Level Annotations

Branches:
Dungeon (10/15)            Temple (1/1) D:5            Lair (0/6) D:9
    Orc (0/2) D:9

Altars:
Ashenzari
Cheibriados
Dithmenos
Elyvilon
Fedhas
Gozag
Hepliaklqana
Kikubaaqudgha
Makhleb
Nemelex Xobeh
Okawaru
Qazlal
Ru
Sif Muna
Trog
Uskayaw
Vehumet
Wu Jian
Xom
Yredelemnul
Zin
The Shining One

Shops:
D:6 :   D:10 ?


Innate Abilities, Weirdness & Mutations

Your body is rotting away.
You thrive on raw meat.
You are immune to poison.
You have sharp fingernails.
You are carnivorous and can eat meat at any time.
Your flesh is cold resistant. (rC+)
You are immune to negative energy. (rN+++)
You do not regenerate when monsters are visible.
You are immune to unholy pain and torment.
You can survive without breathing.


Message History

The yak gores you but does no damage.
Okay, then.
You hit the yak.
The yak looks as sick as possible!
The yak is almost dead.
The yak closely misses you.
You hit the yak.
The yak looks as sick as possible!
The yak is almost dead.
You kill the yak!
You feel your dexterity returning.
You barely miss the yak. The yak completely misses you.
You barely miss the yak. The yak completely misses you.
You hit the yak.
The yak is lightly wounded.
The yak completely misses you.
You hit the yak but do no damage.
The yak is poisoned.
The yak is lightly wounded.
You hit the yak but do no damage.
The yak looks even sicker.
The yak is lightly wounded.
The yak gores you!
You die...

##.#.........# *
!......##....# ,
##.....###.#.########
* #####..#
#.#......... ,, #
**#..# #.#.........,,
, . ,,...#
#.##..###### #* ##..#
#.##..# , , , , #..#
#.##..###### , #..#
#.....Y@...#* **
####.†####.....
.######..# ***#.#
.....^..†# ,* * *
#######.## *
#.${YYYF. , #########


You could see a yak.

Vanquished Creatures
  2 hippogriffs
  9 yaks
  A hungry ghost (D:8)
  A steam dragon (D:7)
  Duvessa (D:6)
  5 ice beasts
  2 ogres (D:9)
  A necrophage (D:8)
  4 orc warriors
  4 centaurs
  A big kobold (D:8)
  5 bullfrogs
  Dowan (D:6)
  A water moccasin skeleton (D:8)
  3 scorpions
  3 killer bees
  10 wights
  3 crimson imps
  5 hounds
  2 quasits (D:10)
  2 orc priests (D:6)
  A jelly (D:9)
  2 centaur zombies (D:7)
  A bullfrog zombie (D:9)
  4 orc wizards
  Crazy Yiuf (D:6)
  A gnoll shaman (D:3)
  Jessica (D:5)
  Terence (D:3)
  5 iguanas
  2 merfolk sirens (Sewer)
  6 worker ants
  A merfolk avatar (Sewer)
  A hound skeleton (D:9)
  A worker ant zombie (D:9)
  13 gnolls
  4 adders
  2 river rats (Sewer)
  A shadow imp (D:9)
  2 oozes
  2 worms (D:2)
  2 dart slugs
  9 leopard geckos
  16 orcs
  9 ball pythons
  4 giant cockroaches
  6 goblins
  2 hobgoblins
  10 jackals
  14 kobolds
  4 quokkas
  5 bats
  8 frilled lizards
  A jackal skeleton (D:4)
  27 rats
  3 fungi (D:9)
  A plant (D:9)
239 creatures vanquished.

Vanquished Creatures (others)
  An ogre (D:9)
  A centaur (D:9)
  A bullfrog (D:9)
  A scorpion (D:9)
  A worker ant (D:9)
  An adder (D:9)
  A jackal (D:9)
  2 fungi (D:9)
9 creatures vanquished.

Grand Total: 248 creatures vanquished

Notes
Turn   | Place    | Note
-------+----------+-------------------------------------------
     0 | D:1      | Borgoz the Ghoul Monk began the quest for the Orb.
     0 | D:1      | Reached XP level 1. HP: 19/19 MP: 0/0
   154 | D:1      | You fall through a shaft!
   163 | D:2      | Reached XP level 2. HP: 18/26 MP: 1/1
   271 | D:2      | Found an ancient bone altar of Kikubaaqudgha.
   321 | D:2      | Noticed a crimson imp
   334 | D:2      | Killed a crimson imp
   334 | D:2      | Reached skill level 1 in Armour
   334 | D:2      | Reached XP level 3. HP: 22/31 MP: 2/2
   469 | D:2      | Reached XP level 4. HP: 14/39 MP: 3/3
   643 | D:2      | Found a snail-covered altar of Cheibriados.
   668 | D:2      | Found a bloodstained altar of Trog.
   668 | D:2      | Found an iron altar of Okawaru.
  1800 | D:3      | Noticed Terence
  1814 | D:3      | Killed Terence
  1814 | D:3      | Reached XP level 5. HP: 22/46 MP: 4/4
  2132 | D:3      | Found a shadowy altar of Dithmenos.
  2365 | D:4      | Reached skill level 1 in Short Blades
  2674 | D:3      | Reached XP level 6. HP: 49/52 MP: 5/5
  3334 | D:5      | Entered Level 5 of the Dungeon
  3365 | D:5      | Noticed an ice beast
  3391 | D:5      | Killed an ice beast
  3587 | D:5      | Found a staircase to the Ecumenical Temple.
  3812 | D:5      | Noticed an ice beast
  3835 | D:5      | Killed an ice beast
  3835 | D:5      | Reached XP level 7. HP: 35/59 MP: 6/6
  4218 | D:5      | Found a sparkling altar of Nemelex Xobeh.
  4218 | D:5      | Noticed Jessica
  4222 | D:5      | Killed Jessica
  4503 | D:5      | Found a hazy altar of Hepliaklqana.
  4756 | Temple   | Entered the Ecumenical Temple
  4811 | Temple   | Became a worshipper of Ashenzari the Shackled
  4811 | Temple   | Reached * piety under Ashenzari
  4811 | Temple   | Reached ** piety under Ashenzari
  4915 | D:6      | Found Oveolata's Book Boutique.
  5004 | D:6      | Found a glowing drain.
  5031 | Sewer    | Entered a sewer
  5689 | D:6      | Reached XP level 8. HP: 57/67 MP: 7/7
  5737 | D:6      | Found a runed translucent door.
  5738 | D:6      | Noticed Crazy Yiuf
  5773 | D:6      | Reached skill level 5 in Dodging
  5841 | D:6      | Noticed Dowan
  5846 | D:6      | Noticed Duvessa
  5905 | D:6      | Found a sparkling altar of Nemelex Xobeh.
  6299 | D:6      | Found an opulent altar of Gozag.
  6299 | D:6      | Found a glowing golden altar of the Shining One.
  6463 | D:6      | Killed Duvessa
  6463 | D:6      | Reached skill level 5 in Fighting
  6472 | D:6      | Killed Dowan
  6677 | D:6      | Killed Crazy Yiuf
  7264 | D:7      | Noticed a hippogriff
  7473 | D:8      | Reached skill level 5 in Stealth
  7473 | D:8      | Reached XP level 9. HP: 61/74 MP: 8/8
  7527 | D:8      | Reached skill level 5 in Armour
  8566 | D:8      | Reached skill level 5 in Short Blades
  8790 | D:8      | Found a glowing silver altar of Zin.
  9578 | D:7      | Reached XP level 10. HP: 78/83 MP: 9/9
 10052 | D:7      | Found a sacrificial altar of Ru.
 10373 | D:7      | Found a blossoming altar of Fedhas.
 11014 | D:9      | Found a shimmering altar of Xom.
 11130 | D:9      | Found a staircase to the Lair.
 11415 | D:9      | Found a staircase to the Orcish Mines.
 11882 | D:10     | Entered Level 10 of the Dungeon
 11960 | D:10     | Found Tidejous's Magic Scroll Shop.
 12155 | D:10     | Slain by a yak

Skill      XL: |  1  2  3  4  5  6  7  8  9 10 |
---------------+-------------------------------+-----
Armour         | 1 2 3 4 6 7 |  7.3
Dodging        | 3 4 5 6 7 |  7.9
Stealth        | 3 4 5 6 7 |  7.0
Short Blades   | 1 2 3 4 5 6 |  6.9
Fighting       | 4 5 6 7 |  7.0
Unarmed Combat | |  3.7

Action                   |  1- 3 |  4- 6 |  7- 9 | 10-12 || total
-------------------------+-------+-------+-------+-------++-------
Melee: Unarmed           |    50 |   228 |   313 |       ||   591
       Punch             |     1 |     2 |    13 |     7 ||    23
       Short sword       |       |       |   413 |   355 ||   768
       Dagger            |       |       |       |    12 ||    12
Invok: Curse Item        |       |       |     2 |       ||     2
  Use: Potion            |       |     1 |    10 |     1 ||    12
       Scroll            |       |       |    21 |     2 ||    23
 Stab: Sleeping          |       |     9 |    11 |     5 ||    25
       Distracted        |       |     1 |     1 |       ||     2
  Eat: Chunk             |     1 |    16 |    29 |    12 ||    58
Armor: Robe              |     5 |    29 |       |       ||    34
       Leather armour    |       |    11 |   242 |   130 ||   383
Dodge: Dodged            |    27 |   125 |   479 |   261 ||   892
